 Dungeon Crawl Stone Soup version 0.31.0-10-gcf4a605ca0 (webtiles) character file.

Game seed: 2505073490976125572

49 Arcadio the Changeling (level 3, -6/28 HPs)
             Began as a Merfolk Shapeshifter on Jan 25, 2024.
             Mangled by a gnoll
             ... wielding a +3 spear
              (10 damage)
             ... on level 1 of the Dungeon.
             The game lasted 00:01:58 (1209 turns).

Arcadio the Changeling (Merfolk Shapeshifter)       Turns: 1209, Time: 00:01:59

Health: -6/28      AC:  2    Str: 16    XL:     3   Next: 75%
Magic:  3/3        EV: 13    Int:  9    God:
Gold:   38         SH:  0    Dex: 13    Spells: 2/2 levels left

rFire   . .          .
                       - Unarmed
rCold   . . .        (no shield)
rNeg    . . .        a - +0 animal skin
rPois   .            (helmet currently unavailable)
rElec   .            (cloak currently unavailable)
rCorr   .            (gloves currently unavailable)
SInv    .            (boots currently unavailable)
Will    .....        (no amulet)
Stlth   +            (no ring)
HPRegen 0.24/turn    (no ring)
MPRegen 0.08/turn

%: no passive effects
@: beast-form
A: beast (slay +2), (nimble swimmer 2), mertail
a: Begin Untransformation


You were on level 1 of the Dungeon.
You were a hulking beast.
You visited 1 branch of the dungeon, and saw 2 of its levels.

You collected 38 gold pieces.

Inventory:

Armour
 a - a +0 animal skin (worn)
Talismans
 c - a beast talisman
 d - a flux talisman
Scrolls
 e - a scroll of vulnerability {unknown}
 f - a scroll of identify {unknown}
 h - a scroll of fear {unknown}
 k - a scroll of teleportation {unknown}
 l - a scroll of noise {unknown}
 m - a scroll of fog {unknown}
 n - a scroll of enchant weapon {unknown}
Potions
 b - a potion of lignification
 g - a potion of enlightenment {unknown}
 i - a potion of mutation {unknown}
 j - a potion of haste {unknown}
 o - a potion of curing {unknown}


   Skills:
 + Level 2.3 Fighting
 + Level 3.7 Dodging
 + Level 3.9 Unarmed Combat
 - Level 4.0 Shapeshifting


You had 2 spell levels left.
You didn't know any spells.
Your spell library was empty.

Dungeon Overview and Level Annotations

Branches:
Dungeon (2/15)

Altars:

Shops:
D:2 *


Innate Abilities, Weirdness & Mutations

You are a hulking beast.
Your limbs bulge with bestial killing power. (Slay +2)
((You are very nimble when in or above water. (Stealth+, EV+, Speed+++)))
Your lower body shifts to a powerful aquatic tail in water.


Message History

You completely miss the adder.
The adder is almost dead.
The adder barely misses you.
You punch the adder!
You kill the adder!
You start resting.
HP restored.
You start waiting.
Done waiting.
You climb downwards.
There is a stone staircase leading up here.
The gnoll completely misses you. The endoplasm freezes you.
You are frozen.
You climb upwards.
There is a stone staircase leading down, spattered with blood here.
You punch the endoplasm!
You kill the endoplasm!
There is a stone staircase leading down, spattered with blood here.
You start resting.
HP restored.
You climb downwards.
The gnoll hits you with a +3 spear. The gnoll hits you with a +3 spear!
There is a stone staircase leading up here.
The gnoll closely misses you. The gnoll barely misses you.
You climb upwards.
There is a stone staircase leading down, spattered with blood here.
The gnoll attacks as it pursues you! The gnoll hits you with a +0 whip.
The gnoll closely misses you. The gnoll attacks as it pursues you!
The gnoll barely misses you.
The gnoll hits you from afar with a +3 spear.
The gnoll attacks as it pursues you! The gnoll hits you but does no damage.
You hit the gnoll.
The gnoll is heavily wounded.
The gnoll hits you with a +0 whip.
* * * LOW HITPOINT WARNING * * *
You hit the gnoll but do no damage.
The gnoll is heavily wounded.
The gnoll hits you from afar with a +3 spear!
You die...

.......# .......# #####
.......####...#
..†.....†.#.#.### ###########
###+###.###.....# #.........#
............†.#.# #.#######.#
...........>....# #.# ####.#
.##.##......#.#####.# #....#
.#####......#.ggh.(.####.####
.# #......#####.....##.# .#
######.#####'###.##.# .#
#...........##.# .#
#.####......##.# .# #.#
#.........# ##### #.#
#.....##### ....# #.#
#.....'..# ....# #.#
#.....####


You could see 2 gnolls.

Vanquished Creatures
  An adder (D:1)
  A dart slug (D:1)
  A ribbon worm (D:2)
  5 ball pythons (D:1)
  4 endoplasms
  A giant cockroach (D:1)
  2 goblins
  4 hobgoblins
  3 quokkas
  3 bats (D:1)
  3 frilled lizards (D:1)
  2 kobolds (D:1)
  4 rats
34 creatures vanquished.

Notes
Turn   | Place    | Note
-------+----------+-------------------------------------------
     0 | D:1      | Arcadio the Merfolk Shapeshifter began the quest for the
                  | Orb.
     0 | D:1      | Reached XP level 1. HP: 15/15 MP: 1/1
   197 | D:1      | Reached XP level 2. HP: 21/21 MP: 2/2
   487 | D:1      | Reached XP level 3. HP: 27/27 MP: 3/3
   793 | D:2      | Found Xigiboha's General Store.
   930 | D:2      | Identified the +0 ring mail of Puckish Salvation {Str+5
                  | Int-4 Dex+9}
  1209 | D:1      | Mangled by a gnoll

Illustrated notes

Levels and vault maps discovered:
D:1:      scummos_arrival_checkerplants, layout_basic
D:2:      layout_rooms, serial_shops, shop, minmay_rat_gold_closets

Skill      XL: |  1  2 |
---------------+-------+-----
Dodging        | 3 |  3.7
Fighting       | 2 |  2.3
Unarmed Combat | |  3.9
Shapeshifting  | |  4.0

Action                     || total
---------------------------++-------
  Melee: Unarmed           ||    93
         Punch             ||     1
   Stab: Sleeping          ||     4
 Armour: Animal skin       ||    40
  Dodge: Dodged            ||    81
